Map: Acid Plant LE

Players

Scouter - Winner!

  • Race: Zerg Zerg
  • League: Platinum
  • Spawn Location: 11:00

DIXnCOX

  • Race: Protoss Protoss
  • League: Gold
  • Spawn Location: 5:00

VOD

Have the link to the VOD?

Description

Time

  • Played on: Sept. 13, 2018, 11:11 p.m.
  • Length: 11:38
Show
View Real Time Build Order
Export as new Build Order

Scouter Zerg - Winner!

Build Orders: Hatch First 

Get SALT Encoding   

  12  0:00  Drone  
  13  0:13  Overlord  
  13  0:21  Drone  
  14  0:39  Drone x2  
  14  0:41  Drone  
  17  0:56  Hatchery  
  16  1:00  Drone  
  17  1:04  Drone  
  17  1:08  Extractor  
  17  1:22  Spawning Pool  
  16  1:30  Drone  
  17  1:38  Drone  
  17  1:39  Drone  
  19  1:45  Drone  
  20  1:55  Overlord  
  20  2:10  Drone, Queen x2  
  24  2:17  Metabolic Boost  
  24  2:22  Drone  
  25  2:33  Zergling x2  
  25  2:36  Drone x2  
  25  2:37  Drone  
  29  2:39  Drone  
  30  2:51  Drone  
  30  2:52  Drone  
  32  2:59  Overlord  
  32  3:10  Drone  
  32  3:11  Drone x2  
  35  3:22  Drone x3  
  35  3:23  Drone x3  
  41  3:32  Drone  
  42  3:45  Overlord  
  42  3:46  Drone  
  42  3:47  Drone  
  44  4:00  Hatchery  
  43  4:05  Lair  
  43  4:09  Extractor  
  42  4:17  Evolution Chamber  
  42  4:19  Evolution Chamber  
  42  4:21  Roach Warren  
  42  4:22  Drone x3, Spine Crawler  
  42  4:23  Overlord, Drone x3  
  43  4:35  Drone x2  
  45  4:44  Overlord  
  45  4:45  Overlord  
  45  5:10  Extractor, Hydralisk Den  
  45  5:14  Glial Reconstitution  
  43  5:15  Zerg Ground Armor Level 1  
  43  5:16  Zerg Melee Weapons Level 1  
  43  5:29  Drone x6  
  43  5:30  Drone x3  
  43  5:31  Drone x3  
  43  5:32  Overlord x2  
  55  5:39  Grooved Spines  
  55  5:42  Extractor  
  54  5:47  Extractor  
  54  5:49  Queen  
  53  5:50  Extractor  
  53  5:51  Drone  
  53  5:52  Drone x4  
  53  5:53  Drone x2  
  53  5:54  Drone  
  59  6:25  Overseer x2  
  59  6:28  Drone x5  
  59  6:29  Overlord x6  
  64  6:43  Tunneling Claws  
  64  6:44  Burrow  
  64  6:46  Pneumatized Carapace  
  64  6:51  Roach x2  
  64  6:52  Roach x2  
  64  6:53  Roach x2  
  80  6:54  Roach x3  
  82  7:09  Overlord, Drone x2  
  82  7:10  Overlord  
  82  7:11  Drone  
  82  7:12  Roach x4  
  93  7:17  Zergling x2, Roach  
  96  7:23  Roach  
  96  7:24  Roach x4  
  96  7:25  Roach  
  96  7:29  Roach  
  98  7:43  Roach x2  
  98  7:44  Roach  
  92  7:45  Zergling x10  
  90  8:09  Zergling x6  
  90  8:10  Roach  
  90  8:11  Roach x3  
  101  8:13  Roach  
  101  8:14  Roach x3  
  101  8:17  Queen  
  111  8:30  Hydralisk x2  
  111  8:31  Hydralisk x2  
  111  8:33  Zergling x4  
  121  8:34  Zergling x2  
  121  8:36  Zergling x4  
  121  8:37  Zergling x2  
  110  8:56  Drone  
  110  8:57  Drone x3  
  110  8:58  Hatchery  
  110  8:59  Drone x4  
  110  9:01  Roach x4  
  110  9:07  Zerg Ground Armor Level 2  
  110  9:08  Zerg Missile Weapons Level 1  
  110  9:11  Roach  
  110  9:12  Roach  
  111  9:23  Roach x3  
  115  9:24  Roach x3  
  115  9:26  Roach x3  
  120  9:40  Roach  
  120  9:41  Roach x4  
  120  9:42  Roach x2  
  122  10:05  Zergling x4  
  122  10:06  Zergling x4  
  118  10:07  Zergling x4  
  120  10:15  Queen  
  120  10:21  Roach x4  
  128  10:22  Roach x4  
  128  10:23  Roach x2  
  128  10:24  Roach x2  
  142  10:43  Roach x2  
  142  10:44  Overlord x2  
  142  10:45  Overlord x2  
  144  11:07  Spine Crawler  
  144  11:08  Spine Crawler x2  
  144  11:09  Spine Crawler x2  
  144  11:10  Extractor, Spine Crawler  
  144  11:11  Extractor, Spine Crawler x2  
  129  11:12  Spine Crawler  
  127  11:14  Spine Crawler  
Show
View Real Time Build Order
Export as new Build Order

DIXnCOX Protoss 

Build Orders:  

Get SALT Encoding   

  1  0:00  Probe  
  12  0:05  Probe  
  14  0:18  Pylon  
  14  0:22  Probe  
  15  0:37  Gateway  
  15  0:42  Probe  
  16  0:51  Pylon  
  16  0:54  Probe  
  17  0:58  Assimilator  
  17  1:02  Probe  
  17  1:10  Probe  
  18  1:15  Assimilator  
  19  1:26  Cybernetics Core  
  19  1:37  Zealot  
  21  1:45  Probe  
  22  1:47  Gateway  
  22  1:57  Warp Gate, Probe  
  23  2:09  Probe  
  24  2:19  Shield Battery  
  24  2:34  Forge  
  24  2:35  Probe  
  25  2:38  Gateway  
  25  2:47  Protoss Ground Weapons Level 1  
  25  2:49  Pylon  
  25  2:50  Stalker  
  27  2:58  Stalker  
  29  3:35  Nexus  
  29  3:53  Stargate  
  29  4:08  Stalker  
  29  4:09  Stalker  
  33  4:10  Stalker  
  35  4:21  Twilight Council  
  35  4:38  Oracle, Protoss Ground Armor Level 1  
  38  4:45  Probe  
  38  4:47  Charge  
  39  4:53  Probe  
  40  5:02  Stalker  
  40  5:03  Probe  
  43  5:15  Probe  
  44  5:27  Probe  
  45  5:30  Zealot  
  45  5:31  Zealot x2  
  51  5:39  Probe  
  52  5:46  Robotics Facility  
  52  5:50  Pylon  
  52  5:51  Probe  
  53  6:04  Probe  
  51  6:15  Zealot x3  
  51  6:16  Probe  
  58  6:20  Gateway  
  58  6:24  Gateway  
  58  6:25  Pylon, Protoss Ground Weapons Level 2  
  58  6:27  Gateway  
  58  6:34  Observer  
  59  6:41  Zealot  
  59  6:44  Stalker  
  59  6:46  Zealot  
  65  7:02  Observer  
  66  7:10  Zealot  
  68  7:24  Observer  
  59  7:44  Blink  
  59  7:45  Observer  
  59  7:49  Zealot x2  
  59  7:50  Zealot  
  44  8:12  Stalker x2  
  46  8:13  Stalker x4  
  54  8:42  Stalker  
  54  8:43  Zealot x5  
  48  9:06  Stalker x2  
  48  9:07  Stalker x2  
  48  9:08  Zealot x2  
  44  9:34  Zealot x2  
  44  9:35  Zealot x4  
  44  9:39  Zealot x2  
  44  9:40  Zealot x2  
  50  10:05  Probe  
  48  10:13  Probe  
  49  10:14  Pylon  
  49  10:16  Pylon  
  49  10:17  Pylon  
  44  10:23  Probe  
  44  10:25  Robotics Bay  
  39  10:31  Pylon  
  38  10:40  Pylon  
  37  10:43  Void Ray  
  37  10:45  Zealot x4  
  37  10:46  Zealot  
Tags
 
Add a new tag
Caveats
  • Supply blocks, unpowered buildings, or Contaminate may cause inaccurate times.
  • Supply counts are checked every 10 seconds.